Map: Dusk Towers

Players

Roboroadkill

  • Race: Zerg Zerg
  • League: Master

Miszu - Winner!

  • Race: Protoss Protoss
  • League: Master

VOD

Have the link to the VOD?

Description

Time

  • Played on: June 1, 2016, 3:52 p.m.
  • Length: 28:53
Show
View Real Time Build Order
Export as new Build Order

Roboroadkill Zerg 

Build Orders: Hatch First, Lurkers 

Get SALT Encoding   

  12  0:02  Drone  
  13  0:12  Overlord  
  13  0:17  Drone  
  14  0:30  Drone  
  14  0:31  Drone  
  14  0:35  Drone  
  17  0:53  Hatchery  
  17  0:56  Drone  
  17  0:58  Drone  
  17  1:02  Extractor  
  17  1:14  Spawning Pool  
  16  1:20  Drone x2  
  18  1:28  Drone  
  19  1:39  Overlord  
  19  1:52  Drone  
  20  2:00  Queen  
  22  2:01  Zergling x2  
  22  2:04  Queen  
  22  2:05  Metabolic Boost  
  25  2:08  Drone  
  25  2:15  Drone  
  27  2:16  Drone  
  27  2:21  Drone  
  29  2:27  Drone  
  30  2:33  Overlord  
  30  2:38  Drone  
  30  2:43  Drone  
  32  2:48  Hatchery  
  32  2:50  Drone  
  32  2:55  Overlord  
  32  3:00  Drone  
  33  3:06  Drone  
  33  3:09  Drone x4  
  38  3:13  Overlord  
  38  3:14  Drone x2  
  38  3:18  Drone  
  41  3:26  Overlord  
  41  3:31  Zergling x2  
  42  3:38  Spore Crawler x2  
  42  3:39  Drone x4  
  42  3:40  Drone  
  45  3:52  Drone  
  45  3:53  Drone x3  
  49  3:56  Lair  
  49  3:57  Drone  
  49  3:59  Queen  
  52  4:05  Drone x2, Spore Crawler  
  53  4:11  Drone x2  
  55  4:20  Drone x6  
  61  4:24  Overlord  
  61  4:28  Evolution Chamber  
  58  4:32  Drone x4  
  59  4:39  Queen  
  59  4:48  Drone x5  
  59  4:49  Drone  
  65  4:53  Extractor  
  65  4:54  Extractor x2  
  65  4:55  Extractor, Drone x4  
  65  4:57  Zerg Missile Weapons Level 1, Hydralisk Den, Drone  
  65  5:03  Extractor, Drone  
  65  5:05  Overlord  
  65  5:09  Drone  
  65  5:10  Overlord x3  
  66  5:24  Drone x3  
  66  5:25  Drone x5  
  66  5:27  Lurker Den  
  74  5:28  Overlord  
  74  5:29  Overlord  
  74  5:30  Drone  
  74  5:35  Hydralisk  
  75  5:38  Hydralisk  
  75  5:41  Hydralisk  
  75  5:42  Hatchery  
  80  5:46  Hydralisk x2  
  82  5:54  Hydralisk x3  
  88  6:01  Hydralisk x2  
  92  6:05  Drone x2  
  92  6:06  Zergling x8  
  98  6:13  Hydralisk x3  
  98  6:16  Hydralisk  
  106  6:21  Drone  
  106  6:25  Hydralisk  
  107  6:30  Hydralisk x2  
  113  6:34  Overlord x2  
  113  6:35  Overlord  
  113  6:46  Drone x2  
  113  6:48  Overseer  
  113  6:52  Overlord x2  
  113  6:53  Hydralisk x2  
  113  6:55  Lurker x3  
  113  6:56  Lurker  
  113  7:00  Drone x7  
  113  7:01  Queen, Drone  
  131  7:06  Hydralisk  
  131  7:07  Infestation Pit  
  132  7:08  Zergling x6  
  132  7:09  Zergling x4  
  132  7:13  Lurker  
  138  7:20  Extractor  
  138  7:21  Overlord, Drone x2  
  139  7:26  Extractor  
  138  7:30  Lurker x2  
  139  7:37  Drone  
  139  7:40  Drone  
  139  7:43  Spore Crawler  
  139  7:44  Drone x2  
  142  7:47  Lurker x3  
  145  7:54  Drone x4  
  145  7:55  Drone x3  
  145  7:57  Hydralisk x4  
  160  7:58  Overlord  
  160  8:00  Overlord, Spine Crawler  
  160  8:02  Drone  
  160  8:03  Evolution Chamber  
  160  8:05  Hive  
  159  8:07  Drone  
  159  8:08  Drone  
  161  8:23  Overlord  
  161  8:24  Zergling x8, Spine Crawler x4  
  161  8:25  Zergling x16  
  161  8:26  Spine Crawler  
  168  8:33  Spore Crawler  
  171  8:34  Drone x2, Spore Crawler x4  
  171  8:38  Queen  
  171  8:40  Spore Crawler  
  171  8:41  Queen, Spore Crawler  
  170  8:44  Queen  
  172  9:06  Spore Crawler  
  171  9:14  Queen  
  171  9:16  Queen  
  173  9:19  Queen  
  177  9:27  Viper x2  
  177  9:28  Viper x3, Hatchery  
  177  9:31  Overlord x3  
  191  9:34  Pathogen Glands  
  191  9:41  Overlord  
  191  9:42  Spire  
  191  9:43  Spire, Zerg Melee Weapons Level 1  
  191  9:44  Zerg Ground Armor Level 1  
  189  9:55  Queen  
  189  9:57  Queen  
  193  10:07  Evolution Chamber  
  193  10:09  Queen, Evolution Chamber  
  193  10:34  Hydralisk  
  193  10:35  Hydralisk x2  
  199  10:54  Spore Crawler  
  199  10:56  Spore Crawler x2  
  196  10:58  Spore Crawler  
  196  10:59  Zerg Flyer Weapons Level 1, Zerg Flyer Armor Level 1  
  195  11:09  Viper  
  198  11:15  Spore Crawler  
  198  11:17  Spore Crawler  
  194  11:18  Spore Crawler  
  194  11:19  Spore Crawler  
  194  11:23  Drone x4  
  194  11:24  Drone  
  197  11:33  Extractor  
  197  11:38  Extractor  
  194  11:43  Pneumatized Carapace  
  194  11:44  Overseer x2  
  194  11:45  Spore Crawler x2  
  194  11:46  Overseer  
  192  11:47  Spore Crawler  
  192  11:53  Hatchery  
  190  11:58  Queen  
  190  12:00  Queen  
  194  12:05  Queen  
  194  12:08  Viper  
  199  12:26  Spore Crawler  
  199  12:27  Spore Crawler x3  
  199  12:28  Spore Crawler  
  194  12:42  Zerg Ground Armor Level 2, Zerg Melee Weapons Level 2  
  194  12:59  Drone x2  
  194  13:00  Drone x3  
  194  13:01  Spine Crawler  
  194  13:03  Spine Crawler  
  197  13:11  Drone  
  197  13:12  Drone  
  199  13:35  Spore Crawler  
  198  13:50  Spore Crawler  
  198  13:52  Spore Crawler  
  198  13:53  Spore Crawler  
  195  14:16  Spine Crawler  
  194  14:18  Spine Crawler x2  
  192  14:38  Spine Crawler  
  191  14:52  Drone  
  192  14:53  Drone x7  
  192  14:57  Zerg Flyer Weapons Level 2, Zerg Flyer Armor Level 2  
  193  15:24  Extractor  
  193  15:26  Extractor  
  191  15:28  Spine Crawler  
  191  15:29  Spine Crawler  
  191  15:31  Spore Crawler x2  
  191  15:32  Spore Crawler  
  186  15:36  Viper x2  
  192  15:43  Hatchery  
  191  15:51  Hatchery  
  190  15:59  Drone  
  190  16:00  Drone x9  
  200  16:12  Spore Crawler  
  200  16:13  Spore Crawler  
  200  16:15  Spore Crawler  
  197  16:18  Viper  
  200  17:26  Spore Crawler  
  200  17:27  Spore Crawler  
  200  17:28  Spore Crawler  
  200  17:29  Spore Crawler  
  196  17:30  Spore Crawler  
  193  17:54  Spore Crawler x2  
  193  17:55  Spore Crawler  
  178  18:22  Corruptor  
  178  18:23  Corruptor x10  
  200  18:31  Extractor, Spore Crawler  
  200  18:32  Extractor, Spore Crawler  
  196  18:38  Drone x2  
  196  18:39  Drone x2  
  185  19:18  Corruptor x7  
  185  19:19  Corruptor  
  177  19:40  Viper x2  
  177  19:41  Viper x3  
  177  19:42  Corruptor x2  
  177  19:43  Corruptor x8  
  197  19:51  Corruptor x4  
  199  19:57  Zerg Flyer Weapons Level 3  
  199  19:58  Zerg Flyer Armor Level 3  
  195  20:01  Corruptor  
  195  20:02  Corruptor x2  
  173  20:28  Queen  
  173  20:29  Queen x4  
  173  20:30  Queen x3  
  182  20:39  Corruptor x9  
  199  21:17  Overseer x2  
  198  21:18  Overseer  
  186  21:25  Corruptor  
  186  21:26  Corruptor x10  
  185  21:40  Hydralisk  
  185  21:41  Hydralisk x6  
  172  22:24  Corruptor  
  172  22:25  Corruptor x16  
  172  22:26  Corruptor x2  
  182  22:40  Corruptor x11  
  182  22:41  Corruptor x2  
  191  22:57  Greater Spire  
  191  23:14  Drone x3  
  191  23:17  Drone x2  
  191  23:18  Drone x3  
  197  23:52  Lair  
  195  23:56  Overlord  
  185  24:21  Brood Lord  
  185  24:22  Brood Lord x7  
  199  24:30  Spine Crawler  
  194  24:42  Hydralisk x2  
  194  24:43  Hydralisk  
  187  25:36  Overlord x2  
  187  25:57  Queen  
  182  26:26  Zergling x8  
  182  26:31  Evolution Chamber  
  179  26:48  Hatchery  
  176  27:10  Evolution Chamber  
  176  27:11  Evolution Chamber  
  174  27:19  Spawning Pool  
  174  27:22  Corruptor  
  173  27:23  Corruptor x2  
Show
View Real Time Build Order
Export as new Build Order

Miszu Protoss - Winner!

Build Orders: 1 Gate Expand, Oracle Opening, Phoenix Opening 

Get SALT Encoding   

  12  0:01  Probe (Chrono Boost)  
  13  0:11  Probe (Chrono Boost)  
  14  0:17  Pylon  
  14  0:23  Probe (Chrono Boost)  
  16  0:35  Probe (Chrono Boost)  
  16  0:40  Gateway  
  16  0:46  Probe (Chrono Boost)  
  17  0:51  Assimilator  
  17  1:12  Nexus  
  17  1:16  Probe (Chrono Boost)  
  18  1:27  Probe (Chrono Boost)  
  18  1:30  Cybernetics Core  
  19  1:38  Probe (Chrono Boost), Assimilator  
  20  1:49  Probe (Chrono Boost)  
  21  1:55  Pylon  
  21  2:00  Probe (Chrono Boost)  
  22  2:10  Probe (Chrono Boost)  
  22  2:13  Adept  
  25  2:22  Probe (Chrono Boost)  
  26  2:23  Stargate  
  26  2:25  Probe (Chrono Boost)  
  27  2:33  Probe (Chrono Boost)  
  27  2:35  Probe (Chrono Boost)  
  29  2:43  Probe (Chrono Boost)  
  30  2:46  Probe (Chrono Boost)  
  31  2:54  Probe (Chrono Boost)  
  31  2:56  Mothership Core (Chrono Boost)  
  34  3:01  Assimilator  
  34  3:03  Assimilator  
  34  3:04  Probe (Chrono Boost)  
  35  3:06  Oracle (Chrono Boost)  
  38  3:13  Probe  
  38  3:16  Probe  
  40  3:24  Probe  
  41  3:28  Probe  
  41  3:31  Nexus  
  42  3:34  Probe  
  42  3:35  Pylon  
  43  3:44  Phoenix (Chrono Boost)  
  43  3:46  Probe  
  46  3:51  Probe  
  47  3:58  Pylon, Probe  
  48  4:06  Phoenix (Chrono Boost)  
  50  4:14  Stargate  
  50  4:20  Stargate  
  50  4:21  Probe  
  51  4:24  Forge  
  51  4:25  Probe  
  52  4:33  Probe  
  52  4:46  Probe x2  
  52  4:47  Probe  
  52  4:51  Phoenix (Chrono Boost)  
  57  4:57  Fleet Beacon  
  57  4:59  Probe x2  
  58  5:01  Probe  
  60  5:11  Probe x2  
  60  5:12  Probe  
  63  5:21  Probe, Photon Cannon  
  63  5:22  Probe  
  63  5:23  Probe  
  66  5:32  Probe  
  66  5:33  Probe  
  68  5:36  Probe  
  68  5:38  Assimilator x2  
  68  5:41  Photon Cannon  
  69  5:43  Probe  
  70  5:55  Tempest (Chrono Boost)  
  74  5:59  Pylon  
  74  6:06  Probe  
  74  6:08  Pylon  
  75  6:13  Pylon  
  75  6:17  Pylon, Tempest x2 (Chrono Boost), Photon Cannon  
  83  6:20  Photon Cannon  
  83  6:31  Probe x3  
  90  6:33  Protoss Air Weapons Level 1, Tempest (Chrono Boost)  
  90  6:43  Probe x3  
  93  6:52  Pylon  
  93  6:55  Probe x3  
  93  6:56  Tempest (Chrono Boost)  
  93  6:57  Pylon  
  93  7:00  Tempest (Chrono Boost)  
  104  7:05  Pylon  
  104  7:11  Cybernetics Core  
  104  7:14  Pylon  
  108  7:16  Tempest (Chrono Boost)  
  108  7:17  Probe  
  109  7:33  Tempest (Chrono Boost)  
  113  7:46  Oracle (Chrono Boost)  
  113  7:48  Warp Gate  
  113  7:50  Pylon  
  116  7:56  Photon Cannon  
  116  7:57  Photon Cannon  
  116  7:58  Photon Cannon  
  114  8:02  Tempest (Chrono Boost)  
  114  8:04  Pylon  
  118  8:15  Nexus, Pylon  
  118  8:23  Tempest x2 (Chrono Boost)  
  126  8:29  Photon Cannon  
  126  8:31  Photon Cannon  
  126  8:34  Photon Cannon  
  126  8:35  Photon Cannon  
  126  8:37  Photon Cannon  
  126  8:39  Photon Cannon  
  126  8:41  Protoss Air Weapons Level 2  
  126  8:57  Twilight Council  
  126  9:02  Tempest x2 (Chrono Boost)  
  134  9:12  Tempest (Chrono Boost)  
  138  9:32  Assimilator  
  138  9:34  Photon Cannon  
  138  9:35  Assimilator  
  138  9:40  Tempest (Chrono Boost)  
  138  9:42  Protoss Air Armor Level 1  
  138  9:43  Gateway  
  138  9:44  Gateway  
  138  9:45  Stargate  
  142  9:48  Stargate  
  150  10:00  Tempest x2 (Chrono Boost)  
  150  10:17  Tempest (Chrono Boost)  
  154  10:36  Oracle (Chrono Boost)  
  149  10:58  Tempest x2 (Chrono Boost)  
  149  10:59  Templar Archives  
  165  11:04  Tempest x2 (Chrono Boost)  
  165  11:08  Tempest (Chrono Boost)  
  169  11:26  Pylon  
  169  11:28  Protoss Air Weapons Level 3  
  169  11:36  Tempest x2 (Chrono Boost)  
  181  11:50  Tempest (Chrono Boost)  
  181  11:53  Pylon  
  187  11:55  Pylon  
  187  11:57  Pylon  
  187  12:02  Psionic Storm  
  187  12:07  Nexus  
  187  12:13  High Templar x2  
  191  12:18  Pylon  
  191  12:25  Oracle (Chrono Boost)  
  191  12:26  Oracle (Chrono Boost)  
  197  12:36  Photon Cannon  
  197  12:38  Photon Cannon  
  197  12:40  Photon Cannon  
  197  12:41  Photon Cannon  
  197  12:43  Photon Cannon  
  194  12:44  Photon Cannon  
  194  12:46  Photon Cannon  
  194  12:47  Photon Cannon  
  194  12:50  Photon Cannon  
  194  12:51  Pylon  
  194  12:53  High Templar  
  194  12:55  High Templar, Assimilator  
  194  12:57  High Templar  
  200  13:00  Assimilator  
  200  13:16  Pylon  
  200  13:18  Pylon  
  200  13:22  Protoss Air Armor Level 2  
  196  13:33  High Templar x2  
  194  14:38  Robotics Facility  
  194  14:39  Robotics Facility  
  194  14:44  Dark Shrine  
  194  14:46  Charge, Protoss Ground Weapons Level 1  
  194  14:47  Gateway  
  194  14:49  Gateway  
  194  14:50  Gateway  
  194  14:51  Gateway  
  194  14:56  High Templar x3  
  200  15:11  Nexus  
  200  15:12  Pylon  
  198  15:30  Photon Cannon  
  198  15:32  Photon Cannon x2  
  198  15:33  Photon Cannon  
  198  15:36  Photon Cannon  
  198  15:38  Photon Cannon x2  
  198  15:39  Photon Cannon  
  198  15:41  Photon Cannon x2  
  198  15:42  Photon Cannon  
  198  15:44  Warp Prism  
  200  16:09  Assimilator  
  200  16:12  Assimilator  
  200  16:16  Protoss Air Armor Level 3  
  200  16:19  Forge  
  200  16:59  Observer x2  
  197  17:05  Pylon  
  197  17:10  Pylon  
  197  17:28  Nexus  
  197  17:29  Pylon  
  197  17:32  Pylon  
  197  17:33  Photon Cannon  
  197  17:36  Photon Cannon  
  197  17:39  Photon Cannon  
  196  18:22  Observer  
  196  18:23  Observer  
  198  18:35  Photon Cannon  
  198  18:36  High Templar  
  198  18:37  Photon Cannon  
  198  18:41  Photon Cannon  
  196  18:43  Photon Cannon  
  196  18:46  Photon Cannon  
  196  18:49  Photon Cannon  
  196  18:55  Warp Prism  
  194  18:57  Observer, Photon Cannon  
  197  19:09  Photon Cannon  
  197  19:10  Photon Cannon x2  
  197  19:12  Photon Cannon  
  197  19:13  Photon Cannon  
  193  19:51  Observer x2  
  195  20:24  Pylon  
  195  20:37  Zealot x2, Assimilator  
  199  20:44  Photon Cannon  
  199  20:45  Photon Cannon, Zealot x2  
  199  20:49  Protoss Ground Weapons Level 2  
  199  20:50  Protoss Shields Level 1  
  199  20:56  Pylon  
  197  20:59  Pylon  
  161  21:39  Photon Cannon  
  145  21:41  Tempest x2 (Chrono Boost), Photon Cannon  
  145  21:42  Tempest (Chrono Boost)  
  145  21:43  Photon Cannon  
  145  21:45  Photon Cannon  
  165  21:47  Tempest (Chrono Boost)  
  165  21:48  Tempest (Chrono Boost)  
  165  21:49  Photon Cannon  
  165  21:57  Photon Cannon x2  
  165  21:59  High Templar  
  167  22:01  Photon Cannon  
  167  22:04  Observer, Warp Prism  
  167  22:05  Photon Cannon  
  167  22:07  Gateway  
  155  22:33  Archon  
  155  22:34  Archon  
  155  22:49  Tempest x3 (Chrono Boost)  
  175  22:55  Tempest x2 (Chrono Boost)  
  175  22:57  Protoss Shields Level 2  
  175  23:05  Pylon x2, Assimilator  
  175  23:15  Warp Prism  
  175  23:19  Warp Prism  
  179  23:33  Zealot x2  
  179  23:34  Zealot x5  
  192  23:47  Mothership Core  
  192  23:55  Zealot x3  
  192  23:56  Zealot  
  192  24:09  Zealot x3  
  194  24:16  Zealot x4  
  194  24:25  Gateway  
  194  24:26  Gateway  
  194  24:27  Gateway  
  194  24:29  Gateway  
  194  24:33  Gateway, Zealot x3  
  200  24:52  Zealot  
  200  24:58  Oracle (Chrono Boost)  
  189  25:48  Oracle x3 (Chrono Boost)  
  196  26:00  Zealot x2  
  200  26:06  Protoss Ground Weapons Level 3  
  200  26:07  Protoss Shields Level 3  
  198  26:12  Zealot x2  
  198  26:23  Warp Prism x2  
  198  26:28  Zealot  
  198  26:59  Warp Prism  
  198  27:00  Photon Cannon  
  200  27:02  Photon Cannon  
  200  27:03  Photon Cannon  
  200  27:05  Photon Cannon  
  196  27:27  Nexus  
  196  27:31  Assimilator  
  196  27:32  Assimilator  
  171  27:54  Zealot x3  
Tags
 
Add a new tag
Caveats
  • Supply blocks, unpowered buildings, or Contaminate may cause inaccurate times.
  • Supply counts are checked every 10 seconds.